 Dungeon Crawl Stone Soup version 0.21.1-1-g345015fe64 (webtiles) character file.

617 Jerry the Chopper (level 7, -2/55 HPs)
             Began as a Demonspawn Fighter on Feb 13, 2018.
             Was an Initiate of Gozag.
             Killed from afar by Ijyb (14 damage)
             ... with a wand of acid (7)
             ... on level 4 of the Dungeon.
             The game lasted 00:09:01 (3911 turns).

Jerry the Chopper (Demonspawn Fighter)              Turns: 3911, Time: 00:09:01

Health: -2/55      AC:  7    Str: 18    XL:     7   Next: 21%
Magic:  0/7        EV:  8    Int:  9    God:    Gozag
Gold:   309        SH:  9    Dex: 13    Spells: 6/6 levels left

rFire    . . .     SeeInvis .   a - +0 war axe
rCold    . . .     Gourm    .   c - +0 shield
rNeg     . . .     Faith    .   b - +0 scale mail
rPois    .         Spirit   +   (helmet restricted)
rElec    .         Reflect  .   r - +0 cloak
rCorr    .         Harm     .   o - +1 pair of gloves
MR       .....                  h - +0 pair of boots
Stlth    ..........             (no amulet)
HPRegen  0.18/turn              (no ring)
MPRegen  0.10/turn              (no ring)

@: corroded
A: antennae 1, magic shield, sturdy frame 2
a: Potion Petition, Call Merchant, Bribe Branch, Renounce Religion


You were on level 4 of the Dungeon.
You worshipped Gozag.
Gozag was aware of your devotion.
You were hungry.

You visited 1 branch of the dungeon, and saw 4 of its levels.

You collected 353 gold pieces.
You paid 44 gold pieces to Gozag.

Inventory:

Hand Weapons
 a - a +0 war axe (weapon)
Armour
 b - a +0 scale mail (worn)
 c - a +0 shield (worn)
 h - a +0 pair of boots (worn)
 o - a +1 pair of gloves (worn)
 r - a +0 cloak (worn)
Wands
 s - a wand of polymorph (12)
Scrolls
 j - 4 scrolls of identify
 p - a scroll of remove curse
 q - a scroll of teleportation
Potions
 d - 3 potions of might
 e - a potion of flight
 g - a potion of ambrosia
 i - a potion of magic {unknown}
 l - 2 potions of heal wounds
 m - 3 potions of curing
 n - 2 potions of brilliance {unknown}
 t - 2 potions of lignification {unknown}
Comestibles
 f - 6 rations


   Skills:
 + Level 4.6 Fighting
 * Level 4.8 Axes
 + Level 4.1 Armour
 + Level 4.1 Shields


You had 6 spell levels left.
You didn't know any spells.

Dungeon Overview and Level Annotations

Branches:
Dungeon (4/15)
 Temple: D:4-7

Altars:
Gozag
Kikubaaqudgha
The Shining One

Annotations:
D:4 Ijyb


Innate Abilities, Weirdness & Mutations

You have a pair of small antennae on your head.
When hurt, damage is shared between your health and your magic reserves.
Your movements are less encumbered by armour. (ER -4)


Message History

You are too injured to fight recklessly!
You are too injured to fight recklessly!
You are too injured to fight recklessly!
You are too injured to fight recklessly!
You closely miss Ijyb. You block Ijyb's attack.
You closely miss Ijyb. You block Ijyb's attack.
You slash Ijyb!
Ijyb is moderately wounded.
Ijyb hits you but does no damage.
You miss Ijyb.
Ijyb is moderately wounded.
Ijyb zaps a wand.
The bolt of acid hits you! The acid corrodes you!
You are splashed with acid!
The acid burns!
* * * LOW HITPOINT WARNING * * *
You slash Ijyb!
Ijyb is severely wounded.
Ijyb drinks a potion.
Ijyb is healed!
Ijyb zaps a wand.
The bolt of acid hits you!
You die...
Your body crumbles into a pile of gold.

.##.##.# .##.##.#
. .##.##.# .##
.##.##.#### ..#
.##.......# #.#
.#####.##.# #.# .#
#.##.# #.# .#
#.##.# #g#
.#####.##.# #@#
.##.......# #.#
.##.##.#########.#
.# #.##........#
.##.##.##.######.#
..............##.#
............)....#
###.#..######.##.#
#.#..# #.##.#


You could see Ijyb.

Vanquished Creatures
  Grinder (D:3)
  Duvessa (D:3)
  Dowan (D:3)
  Jessica (D:2)
  Natasha (thrice) (D:3)
  Robin (D:1)
  3 gnolls
  4 adders
  An ooze (D:3)
  2 worms
  2 dart slugs
  3 leopard geckos
  2 orcs
  4 giant cockroaches
  18 goblins
  10 hobgoblins
  2 jackals (D:3)
  A quokka (D:2)
  8 bats
  A frilled lizard (D:3)
  5 kobolds
  3 rats
77 creatures vanquished.

Notes
Turn   | Place    | Note
-------+----------+-------------------------------------------
     0 | D:1      | Jerry the Demonspawn Fighter began the quest for the Orb.
     0 | D:1      | Reached XP level 1. HP: 18/18 MP: 1/1
    85 | D:1      | Gained mutation: When hurt, damage is shared between your health and your magic reserves. [demonic ancestry]
    85 | D:1      | Reached XP level 2. HP: 17/24 MP: 2/2
   790 | D:2      | Reached XP level 3. HP: 26/29 MP: 3/3
   807 | D:2      | Noticed Jessica
   813 | D:2      | Killed Jessica
   976 | D:2      | Noticed Robin
  1244 | D:1      | Reached XP level 4. HP: 35/35 MP: 4/4
  1335 | D:1      | Killed Robin
  1610 | D:2      | Found an ancient bone altar of Kikubaaqudgha.
  2337 | D:2      | Gained mutation: Your movements are slightly less encumbered by armour. (ER -2) [demonic ancestry]
  2337 | D:2      | Reached XP level 5. HP: 38/42 MP: 5/5
  2632 | D:2      | Found an opulent altar of Gozag.
  2663 | D:2      | Became a worshipper of Gozag Ym Sagoz the Greedy
  2826 | D:3      | Found a glowing golden altar of the Shining One.
  2826 | D:3      | Noticed Natasha
  2857 | D:3      | Killed Natasha
  3053 | D:3      | Noticed Grinder
  3064 | D:3      | Paralysed by Grinder for 2 turns
  3069 | D:3      | Killed Grinder
  3069 | D:3      | Gained mutation: You have a pair of small antennae on your head. [demonic ancestry]
  3069 | D:3      | Reached XP level 6. HP: 48/48 MP: 4/6
  3358 | D:3      | Noticed Natasha
  3365 | D:3      | Killed Natasha
  3439 | D:3      | Noticed Natasha
  3448 | D:3      | Killed Natasha
  3704 | D:4      | Noticed Duvessa
  3704 | D:4      | Noticed Dowan
  3725 | D:3      | Killed Duvessa
  3725 | D:3      | Gained mutation: Your movements are less encumbered by armour. (ER -4) [demonic ancestry]
  3725 | D:3      | Reached XP level 7. HP: 42/55 MP: 5/7
  3745 | D:3      | Killed Dowan
  3903 | D:4      | Noticed Ijyb
  3911 | D:4      | Killed from afar by Ijyb

Skill      XL: |  1  2  3  4  5  6 |
---------------+-------------------+-----
Axes           | 2 3 4 |  4.8
Armour         | 3 4 |  4.1
Shields        | 3 4 |  4.1
Fighting       | 4 |  4.6

Action                   |  1- 3 |  4- 6 |  7- 9 || total
-------------------------+-------+-------+-------++-------
Melee: War axe           |    86 |   202 |    23 ||   311
  Use: Scroll            |       |     6 |       ||     6
 Stab: Distracted        |       |     1 |       ||     1
  Eat: Chunk             |     1 |     5 |       ||     6
       Ration            |       |     1 |       ||     1
Armor: Scale mail        |     1 |    61 |     7 ||    69
       Ring mail         |    48 |    36 |       ||    84
Dodge: Dodged            |    37 |    70 |     5 ||   112
Block: Shield            |    58 |   116 |    10 ||   184
